Map: Eternal Empire LE

Players

Zest - Winner!

  • Race: Protoss Protoss
  • League: Master
  • Spawn Location: 1:00

TIME (Oliveira)

  • Race: Terran Terran
  • League: Grandmaster
  • Spawn Location: 7:00

Event: Shopify TSL 5

VOD

Have the link to the VOD?

Description

Time

  • Played on: May 23, 2020, 12:54 p.m.
  • Length: 18:25

All games in this series

Show
View Real Time Build Order
Export as new Build Order

Zest Protoss - Winner!

Build Orders: 1 Gate Expand, Zealot Archon, Archon Drop, Dark Templar Rush 

Get SALT Encoding   

  12  0:00  Probe  
  13  0:12  Probe  
  14  0:17  Pylon  
  14  0:25  Probe (Chrono Boost)  
  15  0:37  Probe (Chrono Boost), Gateway  
  16  0:44  Probe (Chrono Boost)  
  16  0:46  Assimilator  
  17  0:51  Probe  
  18  1:03  Probe  
  19  1:15  Probe  
  20  1:25  Cybernetics Core  
  20  1:32  Nexus  
  20  1:36  Probe  
  21  1:43  Pylon  
  21  1:48  Probe  
  21  1:51  Assimilator  
  22  1:59  Adept (Chrono Boost)  
  22  2:00  Probe (Chrono Boost)  
  23  2:03  Warp Gate  
  25  2:12  Probe (Chrono Boost)  
  26  2:18  Probe (Chrono Boost)  
  27  2:23  Twilight Council  
  27  2:26  Probe  
  28  2:32  Stalker  
  30  2:40  Probe (Chrono Boost)  
  30  2:43  Pylon  
  31  2:44  Probe (Chrono Boost)  
  33  2:56  Probe x2 (Chrono Boost)  
  34  3:00  Probe (Chrono Boost)  
  34  3:02  Dark Shrine  
  34  3:05  Probe  
  36  3:10  Stalker  
  38  3:13  Probe  
  38  3:19  Gateway  
  39  3:25  Gateway  
  39  3:27  Probe  
  39  3:29  Probe  
  41  3:39  Probe  
  42  3:41  Probe  
  42  3:46  Robotics Facility  
  43  3:51  Probe  
  43  3:52  Assimilator  
  43  3:53  Probe  
  43  3:54  Assimilator  
  43  3:55  Pylon  
  45  4:00  Shield Battery  
  45  4:03  Probe  
  45  4:05  Probe  
  47  4:15  Probe, Dark Templar x2  
  52  4:17  Probe  
  53  4:25  Pylon  
  53  4:28  Probe  
  53  4:30  Probe, Pylon  
  53  4:38  Warp Prism (Chrono Boost)  
  53  4:45  Robotics Bay  
  55  4:46  Dark Templar  
  55  4:52  Gateway  
  55  4:53  Pylon  
  55  4:58  Dark Templar  
  57  5:08  Pylon  
  57  5:15  Gateway x2  
  57  5:27  Dark Templar x2  
  61  5:39  Archon  
  61  5:44  Archon, Disruptor (Chrono Boost)  
  61  5:49  Stalker x2  
  68  5:58  Shield Battery  
  68  6:00  Shield Battery  
  68  6:01  Stalker x2  
  68  6:12  Stalker x4, Shield Battery  
  68  6:13  Shield Battery  
  73  6:29  Disruptor (Chrono Boost)  
  68  6:34  Stalker  
  68  6:37  Zealot x3  
  68  6:38  Zealot  
  72  7:04  Gravitic Drive (Chrono Boost)  
  72  7:06  Blink (Chrono Boost)  
  72  7:08  Probe x2  
  72  7:10  Forge  
  72  7:17  Sentry x2  
  72  7:20  Probe x2  
  78  7:26  Nexus  
  78  7:28  Pylon x2  
  78  7:35  Colossus (Chrono Boost)  
  80  7:43  Stalker, Zealot x4  
  94  7:47  Shield Battery  
  94  7:55  Gateway  
  94  7:57  Pylon  
  94  8:09  Stalker x2  
  94  8:10  Stalker, Zealot x2  
  94  8:33  Colossus (Chrono Boost)  
  100  8:42  Stalker x3  
  106  8:52  Probe x3  
  106  8:53  Forge  
  109  8:57  Pylon  
  109  9:00  Sentry x2  
  113  9:04  Probe, Pylon  
  113  9:05  Probe  
  113  9:07  Probe  
  115  9:17  Extended Thermal Lance  
  115  9:21  Pylon  
  115  9:26  Stalker x2  
  115  9:27  Stalker x2  
  109  9:36  Probe x3  
  109  9:37  Protoss Ground Weapons Level 1 (Chrono Boost)  
  108  9:43  Charge (Chrono Boost)  
  108  9:48  Probe x2  
  108  9:49  Probe  
  111  9:57  Adept x4  
  116  10:00  Probe  
  116  10:03  Photon Cannon  
  116  10:23  Stalker x5  
  126  10:33  Probe x3  
  129  10:36  Stalker  
  129  10:39  Pylon  
  131  10:43  Pylon  
  131  10:47  Gateway  
  131  10:48  Gateway  
  131  10:54  Zealot x3  
  137  10:59  Pylon  
  137  11:10  Nexus  
  137  11:12  Observer (Chrono Boost)  
  137  11:13  Pylon  
  137  11:17  Protoss Ground Armor Level 1 (Chrono Boost)  
  138  11:30  Immortal (Chrono Boost)  
  142  11:36  Forge  
  142  11:38  Stalker x3  
  142  11:39  Stalker x3  
  154  11:51  Dark Templar  
  154  11:52  Dark Templar  
  158  11:56  Pylon  
  158  11:57  Nexus  
  158  12:09  Zealot x5  
  158  12:12  Warp Prism (Chrono Boost)  
  170  12:23  Protoss Ground Weapons Level 2 (Chrono Boost)  
  166  13:00  Disruptor (Chrono Boost)  
  167  13:06  Robotics Facility  
  167  13:07  Robotics Facility  
  167  13:08  Dark Templar x2  
  167  13:09  Dark Templar  
  167  13:14  Zealot, Dark Templar x3  
  167  13:15  Zealot x4  
  167  13:17  Protoss Ground Armor Level 2 (Chrono Boost)  
  183  13:27  Probe x3  
  183  13:28  Probe, Gateway  
  183  13:29  Gateway  
  183  13:32  Gateway  
  185  13:34  Gateway  
  185  13:38  Disruptor (Chrono Boost)  
  185  13:50  Dark Templar  
  187  14:00  Assimilator  
  187  14:01  Pylon  
  187  14:04  Disruptor (Chrono Boost)  
  187  14:05  Assimilator  
  190  14:14  Nexus  
  193  14:19  Disruptor (Chrono Boost)  
  193  14:26  Probe  
  193  14:27  Probe x3  
  197  14:32  Pylon  
  197  14:39  Disruptor  
  198  14:53  Dark Templar  
  194  15:00  Disruptor  
  194  15:01  Disruptor  
  184  15:25  Zealot x4  
  184  15:26  Zealot x4  
  172  15:58  Zealot x5  
  172  15:59  Zealot x7  
  172  16:00  Protoss Shields Level 1 (Chrono Boost)  
  172  16:02  Disruptor (Chrono Boost)  
  199  16:11  Warp Prism x2 (Chrono Boost)  
  165  16:26  Gateway  
  165  16:28  Shadow Stride (Chrono Boost)  
  161  16:54  Zealot x2, Dark Templar x9  
  165  16:55  Zealot  
  165  16:59  Gateway  
  165  17:00  Probe x3  
  165  17:01  Gateway  
  188  17:02  Gateway  
  188  17:05  Gateway  
  184  17:30  Stalker x3  
  184  17:35  Stalker x3  
  191  17:41  Probe  
  191  17:42  Probe x2  
  186  18:04  Zealot x12  
Show
View Real Time Build Order
Export as new Build Order

TIME Terran 

Build Orders:  

Get SALT Encoding   

  12  0:00  SCV  
  13  0:12  SCV  
  14  0:17  Supply Depot  
  14  0:25  SCV  
  15  0:39  SCV  
  15  0:40  Barracks  
  16  0:43  Refinery  
  16  0:51  SCV  
  17  1:03  SCV  
  18  1:16  SCV  
  19  1:28  Reaper  
  19  1:29  SCV  
  21  1:40  Command Center  
  21  1:46  Orbital Command  
  21  1:53  Supply Depot  
  21  2:02  Marine  
  22  2:08  Factory  
  22  2:13  SCV  
  23  2:18  Refinery  
  23  2:22  Barracks Reactor  
  23  2:25  SCV  
  24  2:32  Barracks  
  25  2:37  SCV  
  25  2:49  SCV  
  26  2:52  Factory Tech Lab  
  26  2:54  Orbital Command  
  26  2:59  Marine x2  
  26  3:01  SCV, Orbital Command  
  29  3:10  Cyclone  
  32  3:13  SCV  
  32  3:15  Barracks  
  33  3:22  Barracks Tech Lab  
  33  3:25  Marine x2  
  35  3:27  SCV  
  35  3:29  SCV  
  37  3:36  Supply Depot  
  37  3:40  Stimpack  
  37  3:41  SCV  
  37  3:42  SCV  
  39  3:48  Siege Tank  
  39  3:50  Marine  
  39  3:51  Marine  
  39  3:52  Marine  
  46  3:55  SCV  
  46  3:57  SCV  
  46  4:02  Supply Depot  
  47  4:05  Barracks Tech Lab  
  47  4:07  SCV  
  47  4:09  SCV  
  49  4:10  Marine x2  
  51  4:19  Engineering Bay  
  51  4:20  SCV  
  51  4:22  SCV  
  51  4:23  Marine, Siege Tank  
  57  4:25  Marine  
  57  4:28  Combat Shield  
  58  4:32  SCV, Marine  
  59  4:43  Marine  
  59  4:44  Marine x2  
  59  4:46  Missile Turret  
  59  4:51  Missile Turret  
  59  4:52  SCV  
  60  4:54  SCV  
  60  4:57  Marine  
  62  5:08  Supply Depot  
  62  5:18  Starport  
  62  5:22  Supply Depot  
  62  5:28  Refinery  
  62  5:30  SCV x2, Marine, Siege Tank  
  62  5:31  Marine  
  62  5:35  Marine  
  67  5:39  Marine  
  65  5:48  SCV, Marine  
  65  5:49  Marine  
  66  5:54  SCV  
  66  5:55  Marine  
  68  6:05  Bunker  
  68  6:10  Bunker, Marine  
  69  6:14  Starport Reactor  
  69  6:21  Marine  
  69  6:32  Marine  
  58  6:34  Marine  
  58  6:36  SCV, Siege Tank  
  58  6:39  SCV  
  62  6:43  Marine x2  
  62  6:44  Missile Turret  
  63  6:48  SCV  
  63  6:51  SCV  
  63  6:52  Medivac  
  67  6:57  Medivac, Marine  
  70  7:04  Marine x2  
  70  7:05  SCV  
  70  7:06  SCV  
  65  7:13  Terran Infantry Weapons Level 1, Marine  
  65  7:15  Marine  
  66  7:17  SCV  
  66  7:20  SCV  
  69  7:24  Marine  
  69  7:27  Factory Reactor  
  69  7:29  SCV, Marauder  
  70  7:33  Marine  
  70  7:34  SCV  
  71  7:42  SCV, Marine  
  73  7:44  Medivac  
  73  7:46  Medivac  
  73  7:47  SCV  
  73  7:51  Supply Depot  
  78  7:52  Marauder  
  78  7:53  Supply Depot  
  78  7:55  Marine  
  78  7:57  Marauder  
  76  8:17  Marine  
  76  8:18  Marauder, Marine  
  76  8:19  Widow Mine  
  77  8:20  Medivac x2  
  77  8:25  Marine  
  78  8:30  SCV x2  
  75  8:35  Refinery, Marine  
  75  8:40  Marauder  
  73  8:42  SCV  
  73  8:45  Marauder, Marine  
  73  8:46  Widow Mine x2  
  81  8:49  SCV  
  81  8:55  SCV, Marine  
  84  9:00  Marine  
  84  9:02  Medivac x2  
  89  9:03  Marine  
  89  9:04  SCV  
  89  9:07  Marauder  
  93  9:13  Marine  
  93  9:16  SCV x2  
  85  9:33  Marine x2  
  85  9:34  Marauder  
  85  9:35  Viking  
  89  9:39  SCV  
  89  9:41  Marine  
  89  9:45  Widow Mine x2  
  95  9:50  Viking  
  95  9:51  Command Center  
  97  9:53  Marine  
  97  9:54  Supply Depot  
  97  9:55  SCV x2, Marauder  
  99  10:06  Marauder, Marine  
  102  10:11  SCV  
  102  10:13  Marine  
  102  10:18  SCV  
  103  10:22  Viking  
  103  10:25  Marauder, Marine  
  103  10:27  SCV  
  109  10:34  Supply Depot  
  109  10:37  Marine  
  109  10:38  Marauder  
  109  10:39  Missile Turret  
  109  10:41  SCV x2  
  114  10:47  Liberator  
  113  10:53  SCV x2  
  113  10:54  Marauder, Marine  
  118  11:01  Liberator  
  118  11:03  Orbital Command  
  121  11:05  Widow Mine  
  121  11:08  Widow Mine  
  121  11:09  Marine  
  126  11:12  Marauder  
  126  11:13  SCV, Marine  
  130  11:20  SCV  
  130  11:24  Terran Infantry Armor Level 1  
  128  11:25  SCV  
  128  11:26  Marine  
  128  11:32  SCV  
  130  11:33  SCV  
  130  11:34  Marauder, Barracks  
  130  11:35  Marine, Barracks  
  130  11:38  SCV, Marine  
  136  11:43  Viking  
  136  11:46  SCV x2  
  135  11:49  Liberator  
  135  11:50  Widow Mine  
  140  11:56  Supply Depot x2, Widow Mine  
  140  11:57  Supply Depot  
  140  11:59  Marauder x2  
  144  12:02  Marine  
  144  12:03  Marine  
  144  12:05  SCV x3  
  149  12:10  Ghost Academy  
  149  12:17  Viking, SCV  
  149  12:19  SCV, Supply Depot  
  149  12:20  SCV  
  149  12:21  Supply Depot  
  154  12:23  Barracks Reactor  
  154  12:29  Armory  
  154  12:30  Engineering Bay  
  154  12:31  Marauder  
  154  12:36  Marine x2  
  154  12:37  Marauder  
  159  12:42  Viking  
  156  12:55  SCV  
  151  13:01  Missile Turret  
  151  13:02  SCV  
  151  13:05  Ghost x2, Refinery  
  152  13:06  Refinery  
  152  13:07  Command Center  
  152  13:09  Ghost  
  156  13:23  Concussive Shells  
  156  13:24  Terran Infantry Armor Level 2, Terran Infantry Weapons Level 2  
  154  13:28  Sensor Tower  
  154  13:30  Viking  
  154  13:34  Viking  
  154  13:38  Marauder  
  158  13:44  Marine  
  158  13:48  Marauder  
  160  13:49  Marauder, Marine x3  
  164  13:55  Enhanced Shockwaves  
  164  13:58  Marine  
  165  14:02  Supply Depot  
  165  14:07  Starport  
  165  14:09  Marauder  
  167  14:12  Marine x2  
  167  14:13  Marauder  
  167  14:16  Viking x2  
  173  14:19  Ghost  
  175  14:24  SCV  
  175  14:30  Marauder  
  178  14:31  Marine x2  
  178  14:32  Marine  
  178  14:33  Marine  
  180  14:40  Missile Turret  
  180  14:44  Marauder  
  181  14:48  Marine  
  181  14:49  Marine x2  
  181  14:50  Planetary Fortress  
  181  14:52  Marauder  
  180  15:01  Liberator  
  180  15:02  Liberator  
  182  15:16  SCV, Marine  
  182  15:17  Marauder, Marine  
  181  15:23  Marine  
  181  15:24  Marauder  
  181  15:28  Marauder, Marine  
  187  15:34  Marine  
  187  15:35  Marine  
  189  15:39  Marauder  
  189  15:41  Marine  
  180  15:47  Ghost  
  180  15:49  Ghost  
  184  15:52  SCV  
  184  15:53  Marine  
  186  16:00  Marauder, Liberator x3  
  195  16:04  Marine  
  195  16:05  Marine  
  190  16:15  Marine  
  190  16:16  SCV, Ghost  
  190  16:17  Ghost  
  186  16:20  Ghost  
  188  16:28  SCV  
  188  16:29  SCV  
  188  16:31  Marine  
  188  16:32  Marine  
  192  16:40  SCV  
  192  16:44  Ghost  
  197  16:47  Marauder  
  197  16:49  Ghost, Marine  
  200  17:03  Command Center  
  189  17:41  Marauder  
  189  17:42  SCV x2, Marine  
  188  17:44  Supply Depot  
  188  17:45  Supply Depot  
  188  17:53  Marine x3  
  188  17:54  Marine  
  188  17:55  SCV x2  
  188  17:57  Marauder  
  174  18:00  Marine  
  174  18:03  Marine  
Tags
 
Add a new tag
Caveats
  • Supply blocks, unpowered buildings, or Contaminate may cause inaccurate times.
  • Supply counts are checked every 10 seconds.